 Dungeon Crawl Stone Soup version 0.28-a0-69-g49dcd67cf8 (webtiles) character file.

Game seed: 419527392714913815

7 Sabo the Covered (level 1, -1/20 HPs)
             Began as a Minotaur Fighter on July 31, 2021.
             Slain by a goblin (18 damage)
             ... on level 1 of the Dungeon.
             The game lasted 00:02:18 (240 turns).

Sabo the Covered (Minotaur Fighter)                  Turns: 240, Time: 00:02:19

Health: -1/20      AC:  7    Str: 20    XL:     1   Next: 91%
Magic:  0/0        EV:  7    Int:  5    God:
Gold:   35         SH:  9    Dex:  9    Spells: 0/0 levels left

rFire   . . .      SeeInvis .   a - +0 war axe
rCold   . . .      Faith    .   c - +0 kite shield
rNeg    . . .      Spirit   .   b - +0 scale mail
rPois   .          Reflect  .   (helmet restricted)
rElec   .          Harm     .   (no cloak)
rCorr   .          Rampage  .   (no gloves)
Will    .....                   (no boots)
Stlth   ..........              (no amulet)
HPRegen 0.06/turn               (no ring)
MPRegen 0.07/turn               (no ring)

@: no status effects
A: horns 2, retaliatory headbutt
a: no special abilities


You were on level 1 of the Dungeon.
You visited 1 branch of the dungeon, and saw 1 of its levels.

You collected 55 gold pieces.
You spent 20 gold pieces at shops.

Inventory:

Hand Weapons
 a - a +0 war axe (weapon)
Armour
 b - a +0 scale mail (worn)
 c - a +0 kite shield (worn)
Scrolls
 e - a scroll of magic mapping {unknown}
 f - a scroll of identify
Potions
 d - a potion of might


   Skills:
 + Level 3.8 Fighting
 + Level 2.5 Axes
 + Level 3.9 Armour
 + Level 3.8 Shields


You couldn't memorise any spells.
You didn't know any spells.
Your spell library was empty.

Dungeon Overview and Level Annotations

Branches:
Dungeon (1/15)

Altars:

Shops:
D:1 ?


Innate Abilities, Weirdness & Mutations

You have a pair of horns on your head.
You reflexively headbutt those who attack you in melee.


Message History

A rat comes into view.
A kobold comes into view. It is wielding a +0 club.
The rat bites you.
Found 14 gold pieces.
You barely miss the rat. Your headbutt misses the rat.
The rat closely misses you. The rat barely misses you. You furiously retaliate!
You headbutt the rat.
You kill the rat!
You block the kobold's attack.
You closely miss the kobold. The kobold barely misses you.
You furiously retaliate!
You headbutt the kobold.
You kill the kobold!
Things that are here:
a +0 club; a kobold corpse
Things that are here:
a +0 club; a kobold corpse You now have 35 gold pieces (gained 14).
A goblin comes into view. It is wielding a +0 club.
The goblin shouts!
A goblin comes into view.
It is wielding a +1 dagger of electrocution.
A kobold comes into view. It is wielding a +0 club.
The goblin shouts!
You slash the goblin!
You kill the goblin!
A frilled lizard comes into view.
The kobold throws a stone.
The stone barely misses you.
Things that are here:
a +0 club; a goblin corpse You closely miss the kobold.
You headbutt the kobold.
You kill the kobold!
You completely miss the frilled lizard. The frilled lizard bites you.
The frilled lizard bites you but does no damage.
You closely miss the frilled lizard.
Your headbutt misses the frilled lizard.
The frilled lizard bites you.
You hit the frilled lizard.
You kill the frilled lizard!
The goblin hits you but does no damage.
You are electrocuted!!
Ouch! That really hurt!
You die...

################
#..............#
#.############.# #.#
#........# #@#
#........# #g#
#........# #.#
##........### ...
........)....
................###
....................
.....#..........(.###
#..##.#............#
... ..#......#.###.#


You could see a goblin.

Vanquished Creatures
  A ball python (D:1)
  A bat (D:1)
  A goblin (D:1)
  A hobgoblin (D:1)
  A frilled lizard (D:1)
  2 kobolds (D:1)
  A rat (D:1)
8 creatures vanquished.

Notes
Turn   | Place    | Note
-------+----------+-------------------------------------------
     0 | D:1      | Sabo the Minotaur Fighter began the quest for the Orb.
     0 | D:1      | Reached XP level 1. HP: 19/19 MP: 0/0
   130 | D:1      | Found Kuhaum's Magic Scroll Shoppe.
   177 | D:1      | Bought a scroll of identify for 20 gold pieces
   240 | D:1      | Slain by a goblin

Illustrated notes

Levels and vault maps discovered:
D:1:      dpeg_arrival_brainrot, layout_rooms, serial_shops, shop

Action                   || total
-------------------------++-------
Melee: War axe           ||    10
       Headbutt          ||     1
Armor: Scale mail        ||     3
Dodge: Dodged            ||     5
Block: Kite shield       ||     4

Table legend: (Time is in decaauts)
 A = Elapsed time spent in this place.
 B = Non-inter-level travel time spent in this place.
 C = Inter-level travel time spent in this place.
 D = Time resting spent in this place.
 E = Time spent auto-exploring this place.
 F = Levels seen in this place.
 G = Mean time per level.
                   A        B        C        D        E       F      G
               +--------+--------+--------+--------+--------+-----+--------+
         Total |    245 |    245 |      0 |      4 |      0 |   1 |  245.0 |
       Dungeon |    245 |    245 |      0 |      4 |      0 |   1 |  245.0 |
               +--------+--------+--------+--------+--------+-----+--------+

Top non-repeatable levels by time:
     D:1: 245 daAuts
